 Dungeon Crawl Stone Soup version 0.27-a0-819-g058290f16d (webtiles) character file.

Game seed: 9932851985910492035

16 jasper the Sneak (level 2, 0/19 HPs)
             Began as a Gargoyle Delver on Mar 29, 2021.
             Slain by an ufetubus (3 damage)
             ... on level 4 of the Dungeon.
             The game lasted 00:00:31 (114 turns).

jasper the Sneak (Gargoyle Delver)                   Turns: 114, Time: 00:00:32

Health: 0/19       AC:  5    Str: 15    XL:     2   Next: 54%
Magic:  2/2        EV: 11    Int: 10    God:
Gold:   0          SH:  0    Dex: 11    Spells: 1/1 levels left

rFire    . . .     SeeInvis .   a - +0 hand axe
rCold    . . .     Faith    .   (no shield)
rNeg     + . .     Spirit   .   b - +0 leather armour
rPois    ∞         Reflect  .   (no helmet)
rElec    +         Harm     .   (no cloak)
rCorr    .         Rampage  .   (no gloves)
Will     .....                  (no boots)
Stlth    +++.......             (no amulet)
HPRegen  0.06/turn              (no ring)
MPRegen  0.08/turn              (no ring)

@: no status effects
A: AC +2, negative energy resistance 1, electricity resistance, torment
resistance 1, unbreathing 1, petrification resistance
a: no special abilities


You were on level 4 of the Dungeon.
You visited 1 branch of the dungeon, and saw 2 of its levels.

Inventory:

Hand Weapons
 a - a +0 hand axe (weapon)
Armour
 b - a +0 leather armour (worn)
Wands
 g - a wand of digging (3)
Scrolls
 c - a scroll of fog
 d - a scroll of magic mapping
 e - a scroll of fear
Potions
 f - a potion of haste


   Skills:
 + Level 3.5 Fighting
 * Level 2.3 Axes
 + Level 1.0 Armour
 - Level 1.5 Dodging
 - Level 5.4 Stealth


You had one spell level left.
You didn't know any spells.
Your spell library was empty.

Dungeon Overview and Level Annotations

Branches:
Dungeon (5/15)
 Temple: D:4-7

Altars:


Innate Abilities, Weirdness & Mutations

Your stone body is resilient. (AC +2)
You are immune to poison.
You resist negative energy. (rN+)
You are resistant to electric shocks. (rElec)
You are resistant to unholy torment.
You can survive without breathing.
You are immune to petrification.


Message History

You barely miss the jackal. The jackal closely misses you.
You hit the jackal.
The jackal is almost dead.
The jackal bites you but does no damage. x2
You hit the jackal.
You kill the jackal!
Your Armour skill increases to level 1!
You start resting.
An ufetubus is nearby!
You see here 4 large rocks.
The ufetubus shouts!
You hit the ufetubus.
The ufetubus is lightly wounded.
The ufetubus hits you but does no damage.
The ufetubus barely misses you. The ufetubus hits you.
The ufetubus hits you but does no damage.
You take 3 damage, and have 10/19 hp.
You closely miss the ufetubus.
The ufetubus is lightly wounded.
The ufetubus hits you. x2; The ufetubus barely misses you.
The ufetubus hits you.
* * * LOW HITPOINT WARNING * * *
You take 6 damage, and have 4/19 hp.
MASSIVE DAMAGE!!
You closely miss the ufetubus.
The ufetubus is lightly wounded.
The ufetubus barely misses you.
The ufetubus hits you but does no damage.
The ufetubus hits you.
* * * LOW HITPOINT WARNING * * *
The ufetubus closely misses you.
You take 1 damage, and have 3/19 hp.
You hit the ufetubus.
The ufetubus is almost dead.
The ufetubus hits you but does no damage. x2
You hit the ufetubus but do no damage.
The ufetubus is almost dead.
The ufetubus misses you.
The ufetubus hits you but does no damage.
The ufetubus hits you.
You die...

........####
######(†)†.#
#.###.#
#######.# #.#
#.......###+##
#.........#
#.........#
#..(......#
#..@......#
#..5......#
#.........#
####.######
#.# .# +#


You could see an ufetubus.

Vanquished Creatures
  An adder (D:4)
  4 jackals (D:4)
  A kobold (D:4)
6 creatures vanquished.

Notes
Turn   | Place    | Note
-------+----------+-------------------------------------------
     0 | D:5      | jasper the Gargoyle Delver began the quest for the Orb.
     0 | D:5      | Reached XP level 1. HP: 14/14 MP: 1/1
    22 | D:4      | Reached XP level 2. HP: 14/19 MP: 2/2
    82 | D:4      | Reached skill level 1 in Armour
   114 | D:4      | Slain by an ufetubus

Illustrated notes

Levels and vault maps discovered:
D:4:      layout_basic, minmay_temple_entry_mist, corexii_corridor_pit,
          uniq_crazy_yiuf_cottage, uniq_ijyb
D:5:      layout_loops_ring, general_overflow_altar, minmay_divided_ellipse,
          uniq_duvessa, uniq_pikel, uniq_blork_the_orc

Skill      XL: |  1  2 |
---------------+-------+-----
Axes           | 2 |  2.3
Armour         | 1 |  1.0
Fighting       | |  3.5
Dodging        | |  1.5
Stealth        | |  5.4

Action                   || total
-------------------------++-------
Melee: Hand axe          ||    32
Armor: Leather armour    ||    21
Dodge: Dodged            ||    22

Table legend: (Time is in decaauts)
 A = Elapsed time spent in this place.
 B = Non-inter-level travel time spent in this place.
 C = Inter-level travel time spent in this place.
 D = Time resting spent in this place.
 E = Time spent auto-exploring this place.
 F = Levels seen in this place.
 G = Mean time per level.
                   A        B        C        D        E       F      G
               +--------+--------+--------+--------+--------+-----+--------+
         Total |    119 |    119 |      0 |     43 |      4 |   2 |   59.5 |
       Dungeon |    119 |    119 |      0 |     43 |      4 |   2 |   59.5 |
               +--------+--------+--------+--------+--------+-----+--------+

Top non-repeatable levels by time:
     D:4: 112 daAuts
     D:5: 7 daAuts
